cohdb
Replays
Latest Replays
All Replays
Popular Replays
Top Player Replays
Match Explorer
How It Works
Community
CoH3 Stats
Reddit
Sign in to upload your games and track your stats! →
Sign in with Steam
Match 30799018
Unlisted
Match 30799018
Overview
Messages
Build Orders
End
Kradschützen Motorcycle Team
Selects Armored Support Battlegroup
Panzergrenadier Squad
Panzergrenadier Squad
Construct Light Support Kompanie
Selects Salvage Kits
Fire Support Elements
Flakvierling Half-track
Vehicle Survival Package
le.IG 18 Mechanized Group
Selects Panzer Storm
Veteran Squad Leaders
Construct Panzerarmee Kommand
Pak 38 Anti-tank Gun Team
2.5-tonne Medical Truck
le.IG 18 Mechanized Group
Forward Retreat Point
Panzer III L Medium Tank
Panzer III L Medium Tank
Selects Stuka Anti-tank Loiter
Tungsten Core Ammunition
Stuka Anti-tank Loiter
Selects Veteran Gunners
Panzer III L Medium Tank
Flak 36 Anti-tank Gun Team
your uncle master
Taliban-AK47
KREUZZUG
LeeInfy
BIG WREBBS
Tvman265
Vlambulance-YouTube
PlammX
0
0
Comments
sign in to comment!
No comments posted yet!